Map: Dusk Towers

Players

MorN

  • Race: Terran Terran
  • League: Master

Apocalypse - Winner!

  • Race: Protoss Protoss
  • League: Master

VOD

Have the link to the VOD?

Description

Time

  • Played on: Dec. 2, 2015, 9:54 p.m.
  • Length: 29:00
Show
View Real Time Build Order
Export as new Build Order

MorN Terran 

Build Orders: Cyclone Opening, MMM Bio 

Get SALT Encoding   

  12  0:00  SCV  
  13  0:13  SCV  
  14  0:18  Supply Depot  
  14  0:25  SCV  
  15  0:39  SCV  
  15  0:41  Barracks  
  16  0:44  Refinery  
  16  0:51  SCV  
  17  1:03  SCV  
  18  1:16  SCV  
  19  1:28  Marine  
  19  1:30  Orbital Command  
  20  1:41  Command Center  
  20  1:51  Factory  
  20  1:54  Marine  
  20  1:58  SCV  
  22  2:05  Supply Depot  
  22  2:11  SCV  
  23  2:27  SCV, Marine  
  25  2:35  Barracks  
  25  2:36  Factory Tech Lab  
  25  2:44  SCV  
  26  2:46  Marine  
  27  2:54  Orbital Command  
  27  2:55  Cyclone  
  27  2:57  SCV  
  31  3:06  Marine  
  31  3:10  SCV  
  31  3:11  Refinery, Engineering Bay  
  34  3:20  SCV  
  34  3:22  SCV  
  35  3:28  Marine  
  35  3:32  Barracks  
  36  3:36  Factory Reactor  
  36  3:40  SCV  
  36  3:41  SCV  
  38  3:44  Stimpack, Marine  
  38  3:46  Marine  
  40  3:53  SCV  
  41  3:55  SCV  
  41  3:59  Command Center  
  42  4:05  SCV  
  42  4:08  SCV  
  44  4:14  Refinery  
  44  4:15  Barracks Tech Lab  
  44  4:16  Refinery  
  44  4:17  Supply Depot, SCV  
  44  4:20  SCV  
  44  4:22  Starport  
  46  4:25  Factory Reactor  
  46  4:38  SCV x2  
  46  4:39  Marauder x2  
  46  4:44  Terran Infantry Weapons Level 1, Supply Depot  
  52  4:47  Marine  
  52  4:50  SCV  
  54  5:00  Supply Depot  
  54  5:06  SCV x2  
  56  5:09  Factory Reactor, Medivac  
  56  5:10  Medivac  
  56  5:12  Orbital Command  
  60  5:17  Marine  
  60  5:18  SCV x2, Marine  
  64  5:23  Combat Shields  
  64  5:30  SCV x2  
  64  5:32  Supply Depot  
  66  5:42  SCV x2  
  68  5:44  Marine  
  68  5:45  Medivac x2, Marauder x2  
  77  5:53  Widow Mine  
  77  5:54  SCV x2, Widow Mine  
  77  5:55  SCV  
  84  6:04  Marine x2  
  84  6:06  SCV, Marauder  
  89  6:11  Marine  
  89  6:13  Orbital Command  
  89  6:16  Barracks  
  89  6:17  SCV  
  92  6:18  Barracks  
  92  6:22  Marine x2  
  93  6:27  Supply Depot  
  93  6:38  Terran Infantry Armor Level 1  
  93  6:41  Supply Depot  
  93  6:49  SCV x3, Marauder, Marine x2  
  100  7:01  Marauder  
  100  7:02  Medivac x2, Widow Mine x2  
  107  7:11  Marine  
  107  7:12  Marine  
  107  7:14  Barracks Tech Lab  
  109  7:16  Barracks Reactor  
  109  7:18  Supply Depot  
  109  7:24  Liberator  
  109  7:28  Supply Depot  
  109  7:30  Widow Mine x2  
  109  7:31  SCV x2, Refinery, Marauder  
  109  7:32  Refinery, Liberator  
  109  7:33  Supply Depot x2  
  109  7:34  Supply Depot  
  117  7:39  Marine x2  
  117  7:40  Marauder  
  124  7:47  SCV  
  124  7:48  Supply Depot  
  124  7:49  SCV  
  124  7:50  SCV, Marauder  
  132  7:52  Supply Depot  
  132  7:53  Marine  
  132  7:54  Marine  
  132  7:55  Concussive Shells, Marauder  
  132  7:57  Marine x2  
  138  7:59  Widow Mine x2  
  138  8:00  SCV  
  138  8:01  Marauder  
  145  8:09  Liberator  
  145  8:11  Marine x2  
  147  8:15  Barracks, Liberator  
  147  8:16  Marauder  
  147  8:18  Barracks  
  147  8:19  SCV x2, Barracks  
  151  8:22  Marauder  
  151  8:25  Supply Depot, Marine x2  
  158  8:29  Marauder  
  158  8:30  Supply Depot  
  163  8:46  Fusion Core  
  163  8:51  SCV x3, Liberator  
  158  8:56  Command Center  
  158  8:58  Liberator  
  149  9:03  SCV, Marine  
  149  9:04  Marauder, Marine x3  
  149  9:05  Marauder x2  
  158  9:21  Marine x3  
  158  9:22  Marine  
  160  9:25  Marine  
  160  9:26  Marauder x2  
  163  9:34  Liberator  
  163  9:39  Marine x3  
  163  9:40  Marine  
  163  9:41  Liberator  
  163  9:44  Marauder  
  168  9:47  Marauder, Marine  
  166  9:54  Engineering Bay  
  166  9:55  Armory  
  166  9:57  Marine x3  
  170  10:01  Marine  
  170  10:05  Marauder, Marine  
  172  10:07  Widow Mine x2  
  172  10:08  Marine  
  177  10:15  Marine x2  
  177  10:17  Liberator  
  152  10:23  Liberator, Marauder  
  152  10:25  Marine x2  
  152  10:26  Marauder  
  134  10:33  Marine x3  
  130  10:35  Barracks Tech Lab x2  
  130  10:36  Barracks Reactor  
  130  10:42  Marine  
  117  10:43  Marine  
  117  10:44  Marauder  
  117  10:47  Marine  
  122  10:50  Marine, Terran Infantry Weapons Level 2, Terran Infantry Armor Level 2  
  122  10:51  Marauder, Marine  
  122  10:55  Planetary Fortress  
  126  10:57  SCV  
  126  10:58  SCV x2  
  126  10:59  Marine x2  
  126  11:00  Marine x2, Widow Mine x2  
  134  11:06  Marauder x2  
  134  11:10  SCV  
  130  11:13  Marauder  
  130  11:14  Marine  
  130  11:15  Marine  
  130  11:17  Medivac  
  130  11:18  Marauder  
  136  11:23  Medivac, Marine x3  
  136  11:24  Marauder, Marine  
  134  11:27  Marauder  
  134  11:29  Marine  
  134  11:32  SCV x2, Starport, Marine x2  
  139  11:33  Marine  
  139  11:39  Marauder  
  141  11:41  Marine x2  
  141  11:45  Marauder, Marine  
  141  11:46  Marine  
  143  11:48  Marauder x2  
  143  11:58  Marine x2, Liberator x2  
  143  11:59  Marauder  
  141  12:07  Marine x2  
  143  12:09  Marine x2  
  143  12:10  Marauder  
  143  12:14  Marine x2  
  143  12:15  Marauder  
  154  12:17  Supply Depot  
  154  12:18  Marine x2, Starport Tech Lab  
  154  12:20  Marauder  
  161  12:26  Widow Mine x2  
  163  12:38  Refinery  
  163  12:41  Refinery  
  163  12:43  Marine  
  163  12:44  Marine  
  153  12:52  Marine  
  153  12:53  Marauder, Marine x4  
  153  12:54  Marauder  
  153  12:56  Marine x2  
  154  13:01  Marine x2  
  154  13:02  Widow Mine x2  
  160  13:10  Terran Infantry Weapons Level 3, Marine x2  
  160  13:11  Terran Infantry Armor Level 3  
  160  13:12  Marauder  
  164  13:14  Marauder x2  
  164  13:18  Advanced Ballistics, Marine  
  164  13:19  Marine  
  170  13:20  Command Center, Marauder, Marine x2  
  170  13:23  Marine  
  169  13:31  Marine x2  
  169  13:33  Marauder  
  173  13:35  Supply Depot  
  173  13:36  Marauder x2  
  173  13:37  Supply Depot  
  173  13:39  Supply Depot  
  177  13:42  Marauder x2  
  181  13:55  Marauder  
  169  13:57  Marauder, Liberator x2  
  169  13:59  Marauder, Marine x2  
  168  14:02  Marine x2  
  168  14:03  Marauder  
  170  14:13  Marine x2  
  170  14:14  Marauder  
  170  14:15  Medivac  
  170  14:16  Marine, Marauder  
  170  14:17  Marine  
  148  14:34  Marine x6  
  148  14:35  Marauder x3  
  152  14:40  Liberator, Marine x2  
  152  14:41  Liberator  
  151  14:52  Marine x3  
  154  14:54  Marine  
  154  14:55  Marine x2  
  154  14:56  Marauder  
  154  14:57  Marauder x2  
  154  14:58  Marauder, Marine, Widow Mine x2, Medivac  
  178  15:05  Command Center  
  178  15:14  Marine x2  
  171  15:16  Marauder  
  171  15:20  Marine x3  
  171  15:21  Marauder  
  170  15:32  Marauder, Marine x3  
  170  15:33  Marauder  
  177  15:44  Marine x3  
  177  15:45  Marauder x2  
  136  16:19  Marine x3  
  136  16:20  Marauder  
  117  16:27  Marine x6  
  117  16:28  Marauder  
  121  16:47  Liberator x2  
  121  17:01  Marine x2  
  121  17:02  Marauder x4, Marine x4  
  121  17:03  Marauder, Medivac, Widow Mine x2  
  149  17:11  Planetary Fortress  
  149  17:13  Refinery  
  149  17:16  Liberator  
  149  17:19  Marine  
  150  17:23  Marauder x2  
  151  17:34  Liberator x2  
  151  17:35  Marine x2  
  151  17:36  Marauder  
  149  17:42  SCV x3  
  145  17:50  Marine x2  
  147  17:52  Marine x2  
  155  17:59  Liberator  
  155  18:03  Planetary Fortress  
  155  18:09  Marine x3  
  155  18:10  Marauder x2  
  165  18:53  Marine x3  
  165  18:54  Marauder  
  170  19:01  Marine x3  
  170  19:02  Marauder  
  144  19:10  Marine x3  
  144  19:11  Marine  
  144  19:15  Marauder  
  147  19:17  Marine x2  
  147  19:23  Marauder  
  139  19:28  Marine x2  
  139  19:29  Marauder  
  130  19:31  Marine  
  130  19:32  Marauder, Marine x2  
  133  19:41  Marine x3  
  133  19:44  Marauder  
  131  19:50  Marauder x2  
  125  19:54  Marauder, Marine x2  
  125  19:55  Marine  
  125  19:58  Marine x2  
  125  19:59  Marauder, Marine  
  127  20:06  Marauder  
  129  20:11  Marauder, Medivac, Marine x2  
  129  20:12  Marine, Widow Mine x2, Medivac x2  
  129  20:13  Marine  
  145  20:15  Marine, Marauder  
  145  20:16  Marine  
  145  20:21  Marauder  
  151  20:22  Marine  
  151  20:27  Marauder  
  154  20:29  Marauder, Marine  
  154  20:30  Marine x2  
  154  20:33  Marauder  
  161  20:36  Marauder  
  161  20:37  Marine x2  
  161  20:40  Widow Mine  
  161  20:41  Medivac  
  161  20:42  Marauder  
  165  20:43  Marine  
  165  20:47  Marine  
  165  20:48  Marine  
  165  20:49  Marauder  
  170  20:50  Widow Mine  
  170  20:51  Marauder  
  170  20:54  Marauder  
  176  20:58  Marauder  
  178  21:07  Marine x2  
  178  21:08  Marauder  
  178  21:09  Widow Mine  
  177  21:14  Marine x2  
  177  21:15  Marine x2, Marauder  
  177  21:17  Marine  
  169  21:19  Marine x2  
  169  21:25  Marine x2  
  173  21:28  Liberator x2  
  173  21:29  Marauder  
  175  21:38  Marine x2  
  175  21:39  Marauder, Marine x2  
  175  21:40  Marauder  
  175  21:46  Marine  
  175  21:47  Marauder, Marine  
  176  21:49  Marine  
  176  21:50  Marine  
  176  21:53  Medivac  
  183  21:56  Marine x3  
  183  21:57  Marine  
  183  22:01  Marauder x2  
  191  22:08  Marauder  
  193  22:13  Marine x2  
  193  22:14  Marauder, Marine  
  173  22:17  Marine x3  
  173  22:18  Marine  
  173  22:22  Marauder, Marine  
  156  22:23  Medivac  
  156  22:28  Marine, Medivac x2  
  150  22:31  Marine x2  
  150  22:32  Marauder  
  150  22:35  Marine x4  
  150  22:36  Liberator, Marine  
  137  22:40  Marauder  
  137  22:41  Liberator x2  
  137  22:44  Marauder  
  136  22:46  Marine  
  136  22:49  Marine x2  
  139  22:53  Marauder, Marine x4  
  139  22:54  Marauder  
  153  23:01  Marine  
  153  23:04  Marine  
  153  23:05  Marauder  
  156  23:07  Marine x2  
  156  23:10  Marine  
  156  23:11  Marine x3  
  156  23:14  Marauder  
  156  23:15  Marauder  
  156  23:19  Marauder, Liberator  
  159  23:22  Marine  
  159  23:24  Marine, Liberator  
  159  23:25  Marine  
  159  23:26  Marauder  
  151  23:28  Marine x2  
  151  23:29  Marine x2  
  155  23:36  Marauder  
  153  23:54  Marine x3  
  153  23:55  Marauder x4  
  155  23:57  Marauder  
  157  24:07  Marine x2  
  159  24:16  Marauder  
  153  24:22  Marine  
  154  24:24  Orbital Command  
  138  24:33  Marine x2  
  138  24:34  Marauder  
  120  24:40  Marine x2  
  120  24:44  Marauder, Marine x2  
  120  24:45  Marauder  
  117  25:05  Widow Mine x2, Marine  
  119  25:16  Refinery  
  119  25:17  Refinery x2  
  119  25:23  Marauder  
  104  25:36  Orbital Command  
  104  25:37  Marine x2  
  104  25:38  Marauder  
  106  25:46  Marine x3  
  106  25:47  Marauder x4  
  117  25:59  Marauder  
  117  26:00  Medivac  
  121  26:08  Marauder  
  123  26:15  Medivac x2  
  105  26:40  Medivac  
  105  26:42  Marine x3  
  105  26:43  Marauder x4  
  105  26:44  Marauder  
  105  26:45  Medivac  
  120  26:50  Orbital Command  
  120  26:57  Marine x2  
  120  27:00  Liberator  
  122  27:04  Marauder  
  122  27:05  Marauder x4  
  132  27:15  Marine x3  
  133  27:17  Medivac  
  140  27:26  Marauder x5  
  146  27:37  Marine x3  
  146  27:39  Marine x2  
  151  27:45  Marine  
  151  27:47  Marauder x3  
  151  27:48  Marauder x2  
  162  27:55  Marine x3  
  162  27:57  Marine x2  
  167  28:03  Marine  
  166  28:08  Marine  
  166  28:09  Marine, Marauder x3  
  174  28:13  Marine x3  
  174  28:15  Marine  
  176  28:27  Marauder x2  
  176  28:29  Medivac x3, Marine  
  176  28:30  Marauder x2  
Show
View Real Time Build Order
Export as new Build Order

Apocalypse Protoss - Winner!

Build Orders: 1 Gate Expand 

Get SALT Encoding   

  12  0:00  Probe (Chrono Boost)  
  13  0:11  Probe (Chrono Boost)  
  14  0:18  Pylon  
  14  0:22  Probe (Chrono Boost)  
  15  0:36  Probe (Chrono Boost)  
  15  0:40  Gateway  
  16  0:47  Probe (Chrono Boost)  
  17  0:57  Probe (Chrono Boost)  
  18  1:08  Probe (Chrono Boost)  
  19  1:14  Nexus  
  19  1:19  Assimilator  
  19  1:21  Probe (Chrono Boost)  
  20  1:30  Cybernetics Core  
  20  1:34  Probe (Chrono Boost)  
  21  1:44  Probe (Chrono Boost)  
  21  1:45  Pylon  
  22  1:52  Assimilator  
  22  1:55  Probe (Chrono Boost)  
  23  2:05  Probe (Chrono Boost)  
  23  2:07  Adept (Chrono Boost)  
  26  2:18  Probe  
  26  2:19  Warp Gate  
  27  2:26  Pylon  
  27  2:27  Probe, Forge  
  28  2:32  Mothership Core (Chrono Boost)  
  30  2:41  Probe (Chrono Boost)  
  30  2:42  Adept  
  33  2:52  Probe x2 (Chrono Boost)  
  35  2:59  Protoss Ground Armor Level 1 (Chrono Boost)  
  35  3:02  Probe x2 (Chrono Boost)  
  35  3:04  Assimilator  
  37  3:14  Assimilator  
  37  3:15  Probe x2 (Chrono Boost)  
  37  3:17  Adept  
  41  3:25  Probe x2 (Chrono Boost)  
  43  3:36  Probe x2 (Chrono Boost)  
  45  3:45  Adept  
  45  3:46  Probe x2 (Chrono Boost)  
  45  3:47  Robotics Facility  
  49  3:54  Pylon  
  49  3:56  Probe (Chrono Boost)  
  49  3:57  Probe (Chrono Boost)  
  51  4:06  Probe  
  51  4:08  Probe  
  53  4:10  Twilight Council  
  53  4:16  Probe  
  53  4:20  Probe  
  55  4:30  Probe  
  55  4:31  Nexus, Pylon  
  56  4:32  Probe  
  56  4:33  Protoss Ground Armor Level 2 (Chrono Boost)  
  56  4:35  Observer (Chrono Boost)  
  58  4:40  Sentry  
  58  4:44  Probe x2  
  62  4:46  Resonating Glaives (Chrono Boost)  
  62  4:50  Pylon  
  62  4:56  Probe  
  62  4:57  Probe  
  64  5:01  Gateway  
  64  5:04  Sentry  
  66  5:07  Gateway  
  66  5:08  Probe  
  66  5:09  Probe  
  68  5:14  Immortal  
  68  5:20  Probe  
  68  5:21  Probe  
  74  5:29  Sentry  
  74  5:32  Probe  
  74  5:33  Probe, Robotics Bay  
  78  5:45  Probe  
  79  5:52  Probe  
  79  5:53  Probe  
  81  6:03  Probe  
  81  6:05  Probe  
  81  6:06  Assimilator  
  81  6:08  Blink (Chrono Boost)  
  81  6:09  Gateway  
  81  6:10  Gateway, Assimilator  
  83  6:12  Sentry, Gateway  
  83  6:13  Immortal (Chrono Boost)  
  83  6:14  Gateway, Pylon  
  89  6:21  Probe x2  
  89  6:22  Stalker  
  93  6:35  Probe x2  
  93  6:36  Gravitic Drive  
  95  6:44  Stalker x2  
  99  6:47  Stalker  
  101  7:01  Nexus  
  100  7:03  Pylon  
  99  7:15  Protoss Ground Weapons Level 1 (Chrono Boost), Pylon  
  97  7:17  Pylon  
  97  7:19  Pylon  
  97  7:28  Pylon x2  
  97  7:31  Pylon  
  97  7:35  Mothership Core, Disruptor (Chrono Boost)  
  97  7:36  Nexus  
  102  7:37  Probe  
  102  7:44  Pylon  
  103  7:47  Sentry x3, Pylon  
  103  7:48  Sentry x2  
  103  7:50  Pylon x2  
  113  7:55  Probe  
  113  7:56  Probe  
  115  7:58  Assimilator  
  115  8:02  Observer Gravitic Boosters  
  115  8:04  Assimilator  
  115  8:11  Disruptor (Chrono Boost)  
  115  8:16  Charge  
  118  8:30  Forge  
  118  8:35  Stalker x4  
  118  8:36  Stalker  
  118  8:39  Disruptor  
  131  8:49  Adept x2  
  135  9:02  Stalker x4  
  141  9:03  Stalker  
  141  9:06  Probe  
  141  9:07  Probe x2  
  148  9:10  Warp Prism  
  142  9:29  Adept x5  
  142  9:30  Zealot  
  142  9:31  Zealot  
  152  9:33  Adept  
  152  9:34  Adept x3, Zealot  
  141  9:41  Disruptor  
  129  9:57  Zealot x3  
  129  9:58  Nexus, Protoss Ground Weapons Level 2 (Chrono Boost)  
  133  10:00  Pylon  
  133  10:01  Probe x2  
  133  10:02  Pylon  
  121  10:25  Adept x7  
  124  10:32  Disruptor  
  107  10:44  Probe x2  
  107  10:49  Gateway  
  109  10:51  Gateway  
  109  10:54  Gateway  
  109  10:55  Templar Archives  
  109  10:57  Protoss Shields Level 1 (Chrono Boost)  
  107  11:16  Adept  
  107  11:17  Adept x4  
  111  11:20  Disruptor  
  111  11:28  Stalker  
  111  11:29  Stalker  
  115  11:38  Probe  
  116  11:50  Sentry  
  116  11:51  Sentry x4  
  118  11:58  Disruptor  
  118  12:00  Protoss Ground Weapons Level 3 (Chrono Boost)  
  121  12:02  Psionic Storm  
  121  12:10  Adept x2  
  125  12:16  Probe  
  125  12:17  Gateway, Probe  
  125  12:18  Probe x2  
  125  12:19  Pylon  
  125  12:22  Pylon  
  129  12:29  Adept x2  
  133  12:30  Probe  
  133  12:34  Disruptor  
  137  12:41  Adept x4  
  137  12:42  Probe, Adept  
  137  12:44  Probe  
  133  13:03  Adept x6  
  133  13:04  High Templar  
  133  13:05  High Templar x3  
  151  13:09  Disruptor  
  154  13:34  Stalker x2  
  154  13:35  Stalker, Adept x4  
  154  13:38  Probe  
  154  13:39  Probe  
  170  13:54  Nexus  
  150  14:08  High Templar x3  
  150  14:09  High Templar  
  156  14:14  Zealot x7  
  110  14:48  Zealot x3  
  110  14:49  Zealot  
  110  14:50  Zealot x3  
  124  14:57  Stalker x3  
  124  14:58  Stalker  
  130  15:20  Adept  
  130  15:21  Adept x7  
  141  15:28  Stalker x3  
  147  15:47  Stalker x4, Nexus  
  147  15:48  Adept  
  147  15:49  Pylon  
  157  15:51  Pylon  
  108  16:23  Archon  
  108  16:24  Archon  
  92  16:26  Adept  
  92  16:27  Adept x10  
  98  16:36  Immortal  
  102  16:40  Protoss Ground Armor Level 3 (Chrono Boost)  
  102  16:59  Stalker x7  
  116  17:15  Zealot x4  
  100  17:52  Adept  
  100  17:53  Adept x6  
  100  17:54  High Templar x3  
  100  17:55  High Templar  
  122  17:59  Disruptor  
  125  18:08  Dark Shrine  
  125  18:10  Assimilator  
  125  18:14  Photon Cannon  
  125  18:15  Assimilator  
  125  18:17  Stalker x3  
  125  18:18  Photon Cannon  
  131  18:20  Stalker  
  133  18:29  Stalker x2  
  133  18:31  Stalker  
  139  18:48  Adept x6  
  141  18:49  Adept x2  
  133  19:14  Disruptor  
  104  19:38  Adept x10  
  112  19:39  Adept  
  105  20:09  Zealot x2  
  105  20:10  Zealot x9  
  127  20:14  Nexus, Disruptor  
  127  20:16  Pylon  
  127  20:18  Pylon  
  127  20:19  Protoss Shields Level 2 (Chrono Boost)  
  130  20:22  Probe x2  
  130  20:23  Probe  
  133  20:42  High Templar x4  
  141  20:46  Zealot x5  
  141  20:47  Zealot x2  
  155  20:54  Disruptor  
  129  21:29  Stalker x4  
  129  21:30  Stalker x5, Observer  
  129  21:31  Stalker x2  
  140  21:54  Adept x9  
  140  21:55  Adept  
  140  21:56  Probe  
  140  21:58  Probe  
  140  21:59  Assimilator  
  101  22:27  Zealot  
  101  22:28  Zealot x9  
  90  22:43  Disruptor  
  89  22:52  Assimilator  
  89  22:55  High Templar x4  
  89  22:57  Stalker  
  89  22:58  Stalker x4  
  105  23:00  Stalker  
  107  23:19  Disruptor  
  110  23:26  Stalker x4  
  110  23:27  Stalker  
  118  23:32  Pylon  
  118  23:33  Pylon  
  118  23:54  Adept  
  118  23:55  Adept x8  
  129  24:06  Mothership Core  
  121  24:21  Stalker x4  
  121  24:22  Stalker x2  
  115  24:33  Archon x2  
  109  24:41  Adept x4  
  117  24:45  Zealot  
  117  24:46  Zealot x2  
  117  24:47  Zealot  
  125  25:04  Probe  
  124  25:08  High Templar x2  
  124  25:09  High Templar x3  
  126  25:40  Adept x6  
  126  25:41  Adept x2  
  142  25:48  Nexus  
  142  25:49  Pylon  
  132  25:53  Disruptor  
  133  25:57  Pylon  
  133  26:02  High Templar x3  
  133  26:03  High Templar  
  141  26:29  Observer  
  138  26:36  Adept x4  
  128  26:50  Disruptor  
  131  26:59  Stalker  
  131  27:00  Stalker x3  
  137  27:14  High Templar x2  
  141  27:24  Assimilator  
  141  27:25  Assimilator  
  141  27:37  Adept x4  
  141  27:38  Adept x4  
  154  27:51  Disruptor  
  154  27:55  Stalker x2  
  159  28:09  Zealot x6  
  159  28:10  Zealot x2  
  170  28:31  Stalker  
  170  28:32  Stalker x7  
Tags
 
Add a new tag
Caveats
  • Supply blocks, unpowered buildings, or Contaminate may cause inaccurate times.
  • Supply counts are checked every 10 seconds.